 Dungeon Crawl Stone Soup version 0.18.1-48-g4cf74bf (webtiles) character file.

1347 hannobal the Caller (level 8, 0/49 (50) HPs)
             Began as an Octopode Ice Elementalist on June 26, 2016.
             Slain by an orc
             ... wielding a +0 flail
              (3 damage)
             ... on level 5 of the Dungeon.
             The game lasted 00:23:35 (7993 turns).

hannobal the Caller (Octopode Ice Elementalist)     Turns: 7993, Time: 00:23:35

HP:   0/49 (50)     AC: 12    Str: 12    XL:     8   Next: 62%
MP:   9/13          EV: 12    Int: 17    God:
Gold: 259           SH:  0    Dex: 12    Spells: 4 memorised, 2 levels left

rFire  . . .     SeeInvis .     a - +2 flail (protect)
rCold  . . .     Gourm    .     (no shield)
rNeg   . . .     Faith    .     l - +0 hat
rPois  .         Spirit   .     (no amulet)
rElec  .         Dismiss  .     d - +4 ring of strength
rCorr  .         Reflect  .     s - -2 ring of intelligence
SustAt .         Harm     .     (no ring)
MR     .....                    (no ring)
Stlth  +++.......               (no ring)
                                (no ring)
                                (no ring)
                                (no ring)

@: icy armour, about to teleport, slow, not resistant to hostile enchantments,
fairly stealthy
A: almost no armour, amphibious, 8 rings, constrict 8, camouflage 1, gelatinous
body 1
a: no special abilities


You were on level 5 of the Dungeon.
You were not hungry.

You visited 1 branch of the dungeon, and saw 5 of its levels.

You collected 259 gold pieces.

Inventory:

Hand Weapons
 a - a +2 flail of protection (weapon)
 m - the cursed +13 Scythe of Curses {drain, *Curse}
   (You found it on level 5 of the Dungeon)

   A truly terrible weapon, it drains the life of those it strikes.
   It may re-curse itself when equipped.
   It has a curse placed upon it.
 n - a +0 spear
 o - a +0 dagger
 t - a +0 flail
 u - a +0 hunting sling
 v - a +1 hunting sling of flaming
 C - a +0 war axe
 E - a +2 falchion of holy wrath
Missiles
 f - 78 sling bullets
 g - 39 bolts
 h - 102 stones (quivered)
 B - 26 arrows
Armour
 l - a +0 hat (worn)
 r - a +0 buckler
 y - a +0 shield
Jewellery
 d - a +4 ring of strength (left tentacle)
 s - a -2 ring of intelligence (right tentacle)
Wands
 w - a wand of paralysis (1/24)
 A - a wand of paralysis (10/24)
 F - a wand of slowing (29/48)
Scrolls
 k - 5 scrolls of identify
 q - 2 scrolls of enchant weapon
 z - a scroll of recharging
Potions
 e - a potion of heal wounds
 i - a potion of curing
 p - a potion of brilliance
 x - a potion of agility
Books
 c - a book of Frost

   Spells                             Type                      Level
   a - Freeze                         Ice                          1
   b - Throw Frost                    Conjuration/Ice              2
   c - Ozocubu's Armour               Charms/Ice                   3
   d - Throw Icicle                   Conjuration/Ice              4
   e - Summon Ice Beast               Ice/Summoning                4
Comestibles
 b - 3 bread rations
 D - a meat ration
 G - a chunk of flesh


   Skills:
 - Level 2.2 Fighting
 - Level 2.2 Dodging
 - Level 3.0 Stealth
 + Level 3.6 Spellcasting
 - Level 2.0 Conjurations
 - Level 1.0 Charms
 - Level 7.0 Summonings
 - Level 6.0 Ice Magic


You had 2 spell levels left.
You knew the following spells:

 Your Spells              Type           Power        Failure   Level  Hunger
b - Summon Ice Beast      Ice/Summ       ####....     14%         4    ####...
i - Throw Icicle          Conj/Ice       ###.....     38%         4    ####...
o - Ozocubu's Armour      Chrm/Ice       ###.....     14%         3    ###....
z - Freeze                Ice            ###.         1%          1    None


Dungeon Overview and Level Annotations

Branches:
Dungeon (5/15)             Temple (0/1) D:5

Altars:
Makhleb
Nemelex Xobeh
Sif Muna
Xom

Annotations:
D:4 Eustachio


Innate Abilities, Weirdness & Mutations

You cannot wear most types of armour.
You are amphibious.
You can wear up to eight rings at the same time.
You can use your tentacles to constrict eight enemies at once.
Your skin changes colour to match your surroundings (Stealth).
Your rubbery body absorbs attacks (AC +1).


Message History

You feel strangely unstable. The centaur barely misses you.
Unknown command.
Casting: Freeze
Confirm with . or Enter, or press ? or * to list all spells.
A film of ice covers your body! The centaur barely misses you.
The orc hits you with a flail.
* * * LOW HITPOINT WARNING * * *
The centaur closely misses you. The orc barely misses you.
Casting: Ozocubu's Armour
Confirm with . or Enter, or press ? or * to list all spells.
Aiming: Freeze
Press: ? - help, Shift-Dir - straight line, f - centaur
Aim: a centaur You freeze the centaur.
The centaur is lightly wounded.
The orc wizard hits you with a dagger.
* * * LOW HITPOINT WARNING * * *
The centaur hits you but does no damage.
The orc hits you with a flail.
You die...

##.#.######.#
#<###<......#
##.#..#######
#..#.##############
#..#...............
#..##..#..#..#..#..
######.<##(..(..........
........#.(((....o.....>
..............((@o......
#########..[#..#oc#..#..
#...............
############## #


You could see a centaur, an orc wizard and 2 orcs.

Vanquished Creatures
  Pikel (D:5)
  A necrophage (D:5)
  A slave (D:4)
  An ogre (D:5)
  2 scorpions (D:5)
  A howler monkey (D:4)
  2 crimson imps
  A hound (D:5)
  An iguana (D:5)
  A worker ant (D:5)
  Robin (D:3)
  6 adders
  3 worms
  A dart slug (D:3)
  5 giant geckos
  An orc (D:3)
  4 giant cockroaches
  21 goblins
  8 hobgoblins
  14 jackals
  2 ball pythons
  4 bats
  3 giant newts
  7 kobolds
  7 rats
99 creatures vanquished.

Vanquished Creatures (collateral kills)
  Blork the orc (D:5)
  Edmund (D:5)
  An ogre (D:5)
  An iguana (D:5)
  A worker ant (D:5)
  2 adders (D:5)
7 creatures vanquished.

Vanquished Creatures (others)
  A slave (D:5)
  An adder (D:5)
  A quokka (D:5)
3 creatures vanquished.

Grand Total: 109 creatures vanquished

Notes
Turn   | Place    | Note
--------------------------------------------------------------
     0 | D:1      | hannobal the Octopode Ice Elementalist began the quest for the Orb.
     0 | D:1      | Reached XP level 1. HP: 11/11 MP: 3/3
   225 | D:1      | Reached XP level 2. HP: 13/17 MP: 0/5
  1031 | D:1      | Reached XP level 3. HP: 21/21 MP: 4/6
  1530 | D:1      | Learned a level 3 spell: Ozocubu's Armour
  1804 | D:2      | Reached skill level 1 in Charms
  1818 | D:2      | Learned a level 2 spell: Throw Frost
  2224 | D:2      | Reached XP level 4. HP: 27/27 MP: 0/7
  3764 | D:3      | Found a sparkling altar of Nemelex Xobeh.
  3805 | D:3      | Reached skill level 5 in Ice Magic
  3913 | D:3      | Noticed Robin
  4176 | D:3      | Reached XP level 5. HP: 28/31 MP: 4/8
  4237 | D:3      | Found a shimmering altar of Xom.
  4237 | D:3      | Found a burning altar of Makhleb.
  4580 | D:3      | Killed Robin
  5027 | D:4      | Found a deep blue altar of Sif Muna.
  5145 | D:4      | Noticed Eustachio
  5799 | D:5      | Entered Level 5 of the Dungeon
  5802 | D:5      | Noticed Blork the orc
  5865 | D:4      | Learned a level 4 spell: Summon Ice Beast
  5952 | D:5      | Noticed a centaur
  5978 | D:5      | Noticed a necrophage
  5988 | D:5      | Killed a necrophage
  5988 | D:5      | Reached XP level 6. HP: 31/35 MP: 3/10
  6108 | D:5      | Reached skill level 1 in Summonings
  6311 | D:5      | Reached skill level 2 in Summonings
  6392 | D:5      | Reached skill level 3 in Summonings
  6392 | D:5      | Reached XP level 7. HP: 23/40 MP: 2/11
  6543 | D:5      | Noticed Pikel
  6705 | D:5      | Killed Pikel
  6705 | D:5      | Reached skill level 6 in Summonings
  6705 | D:5      | Reached XP level 8. HP: 45/45 MP: 12/12
  7138 | D:5      | Learned a level 4 spell: Throw Icicle
  7258 | D:5      | Reached skill level 7 in Summonings
  7452 | D:5      | Killed Blork the orc
  7571 | D:5      | Noticed Edmund
  7591 | D:5      | Killed Edmund
  7990 | D:5      | Found a staircase to the Ecumenical Temple.
  7993 | D:5      | Slain by an orc

Skill      XL: |  1  2  3  4  5  6  7  8 |
---------------+-------------------------+-----
Stealth        | 3 |  3.0
Ice Magic      | 4 5 6 |  6.0
Charms         | 1 |  1.0
Spellcasting   | 3 |  3.6
Summonings     | 3 6 7 |  7.0
Fighting       | 2 |  2.2
Conjurations   | 2 |  2.0
Dodging        | |  2.2

Action                   |  1- 3 |  4- 6 |  7- 9 || total
-------------------------+-------+-------+-------++-------
Melee: Dagger            |     4 |    11 |     5 ||    20
       Constrict         |     4 |     6 |     1 ||    11
       Unarmed           |     2 |       |       ||     2
       Tentacles         |     2 |     3 |     2 ||     7
       Falchion          |       |     7 |       ||     7
Throw: Stone             |     9 |     7 |     5 ||    21
 Cast: Freeze            |    58 |    93 |    28 ||   179
       Ozocubu's Armour  |     7 |    15 |     7 ||    29
       Throw Frost       |     1 |     7 |       ||     8
       Summon Ice Beast  |       |       |     8 ||     8
Evoke: Wand              |       |     1 |     5 ||     6
  Use: Scroll            |     7 |     3 |     3 ||    13
       Potion            |     5 |     1 |       ||     6
 Stab: Paralysed         |       |       |     5 ||     5
  Eat: Chunk             |     5 |    13 |     2 ||    20
       Fruit             |       |     3 |       ||     3
       Royal jelly       |       |     1 |       ||     1
       Pizza             |       |       |     2 ||     2
       Bread ration      |       |       |     1 ||     1
Armor: Skin              |     5 |    19 |     9 ||    33
Dodge: Dodged            |    38 |    44 |    33 ||   115
